 Dungeon Crawl Stone Soup version 0.14-a0-1297-g3d87a2a (webtiles) character file.

326 PolkaDot the Ruinous (level 6, -14/41 HPs)
             Began as a Vampire Conjurer on Dec 4, 2013.
             Demolished by a gnoll
             ... wielding a +1,+0 flail of protection
              (16 damage)
             ... on Level 5 of the Dungeon.
             The game lasted 00:15:03 (2927 turns).

PolkaDot the Ruinous (Vampire Conjurer)             Turns: 2927, Time: 00:15:03

HP -14/41        AC  3     Str 12      XL: 6   Next:  6%
MP   4/10        EV 12     Int 19      God:
Gold 44          SH  0     Dex 14      Spells:  3 memorised,  2 levels left

rFire  . . .     SeeInvis +     b - +0 dagger
rCold  . . .     Clarity  .     a - +0 robe
rNeg   . . .     Conserve .     (no shield)
rPois  .         rCorr    .     (no helmet)
rElec  .         rRot     .     (no cloak)
SustAb . .       Spirit   .     n - +0 pair of gloves
rMut   .         Warding  .     (no boots)
Saprov . . .     Stasis   .     (no amulet)
                                (no ring)
                                (no ring)

@: regenerating quickly, mighty, very slightly contaminated, hasted, very quick,
slightly resistant to hostile enchantments, stealthy
A: bottle blood, fangs 3, see invisible, unbreathing
a: Bottle Blood


You were on level 5 of the Dungeon.
You were full.

You visited 1 branch of the dungeon, and saw 5 of its levels.

You collected 44 gold pieces.

Inventory:

Hand weapons
 b - a +0,+0 dagger (weapon)
 d - a +0,+0 vampiric short sword
 q - a cursed +1,-3 elven dagger
Armour
 a - a +0 robe (worn)
 n - a +0 pair of gloves (worn)
Scrolls
 g - 2 scrolls of teleportation
 j - a scroll of remove curse
 l - a scroll of noise {unknown}
 s - a scroll of enchant weapon II {unknown}
 t - a scroll of immolation {unknown}
Potions
 e - a potion of brilliance {unknown}
 m - a potion of speed
 r - a potion of flight
Books
 c - a book of Conjurations

   Spells                             Type                      Level
   *Magic Dart                        Conjuration                  1
   *Searing Ray                       Conjuration                  2
   Dazzling Spray                     Conjuration/Hexes            3
   *Iskenderun's Mystic Blast         Conjuration                  4
   Iskenderun's Battlesphere          Conjuration/Charms           4
   Fulminant Prism                    Conjuration/Hexes            5


   Skills:
 - Level 2.1 Dodging
 - Level 3.0 Stealth
 - Level 2.0 Spellcasting
 * Level 5.5 Conjurations


You had 2 spell levels left.
You knew the following spells:

 Your Spells              Type           Power        Failure   Level  Hunger
a - Magic Dart            Conj           ###.         1%          1    #......
d - Iskenderun's Mystic   Conj           ###.....     17%         4    #####..
s - Searing Ray           Conj           ###...       2%          2    ##.....


Dungeon Overview and Level Annotations

Branches:
Dungeon (5/16)
 Temple: D:4-7

Altars:
Cheibriados
Elyvilon
Kikubaaqudgha
Okawaru
Trog
Vehumet
Xom


Innate Abilities, Weirdness & Mutations

Your natural rate of healing is unusually fast.
You can bottle blood from corpses.
You have razor-sharp teeth.*
You have supernaturally acute eyesight.
You can survive without breathing.*


Message History

You kill the worker ant!
You have reached level 6!
Your experience leads to an increase in your attributes!
Increase (S)trength, (I)ntelligence, or (D)exterity?
You feel clever.
You can now bottle potions of blood from corpses.
The gnoll barely misses you.
Drink which item? (? for menu, Esc to quit)
You feel much better.
The gnoll hits you from afar with a halberd!
* * * LOW HITPOINT WARNING * * *
The gnoll barely misses you.
The gnoll hits you from afar with a halberd!
* * * LOW HITPOINT WARNING * * *
Drink which item? (? for menu, Esc to quit)
Okay, then.
Drink which item? (? for menu, Esc to quit)
You feel yourself speed up.
The gnoll hits you with a glowing flail!
You die...

###...............
##..<.........g..I.
#...........g..).)o
#.................#
#......g..........#
#..gg..............
#..g##.............
#.g.##.............
#.@%##$..........##
##...............#
.........
#.........
#....#....
#........ #......#
#...... ..#


You could see a gnoll shaman and 3 gnolls.

Vanquished Creatures
  2 hounds
  A worker ant (D:5)
  3 orc wizards
  3 adders
  2 worms
  A giant gecko (D:3)
  An ooze (D:1)
  5 orcs
  3 ball pythons (D:3)
  3 giant cockroaches
  9 goblins
  7 hobgoblins
  16 kobolds
  A quokka (D:3)
  12 bats
  4 giant newts
  5 rats
  A rat zombie (D:3)
79 creatures vanquished.

Notes
Turn   | Place    | Note
--------------------------------------------------------------
     0 | D:1      | PolkaDot, the Vampire Conjurer, began the quest for the Orb.
     0 | D:1      | Reached XP level 1. HP: 13/13 MP: 3/3
     0 | D:1      | Upgraded the game from 0.14-a0-1266-g856eec9 to 0.14-a0-1297-g3d87a2a
   253 | D:1      | Reached XP level 2. HP: 16/19 MP: 0/4
   297 | D:1      | Learned a level 2 spell: Searing Ray
   832 | D:2      | Reached XP level 3. HP: 20/24 MP: 3/6
  1002 | D:2      | Found a bloodstained altar of Trog.
  1008 | D:2      | Found a white marble altar of Elyvilon.
  1019 | D:2      | Reached skill level 4 in Conjurations
  1056 | D:2      | Found an iron altar of Okawaru.
  1060 | D:2      | Found an ancient bone altar of Kikubaaqudgha.
  1064 | D:2      | Found a shimmering altar of Xom.
  1064 | D:2      | Found a snail-covered altar of Cheibriados.
  1426 | D:3      | Found a radiant altar of Vehumet.
  1606 | D:3      | Reached XP level 4. HP: 20/30 MP: 7/7
  2056 | D:3      | Learned a level 4 spell: Iskenderun's Mystic Blast
  2278 | D:3      | Reached XP level 5. HP: 25/35 MP: 3/9
  2854 | D:5      | Entered Level 5 of the Dungeon
  2866 | D:5      | Noticed an ice beast
  2888 | D:5      | Noticed an ice beast
  2898 | D:5      | Reached skill level 5 in Conjurations
  2924 | D:5      | Reached XP level 6. HP: 4/41 MP: 4/10
  2926 | D:5      | HP: 2/41 [gnoll/halberd (10)]
  2927 | D:5      | Demolished by a gnoll

Action                   |  1- 3 |  4- 6 || total
-------------------------+-------+-------++-------
Melee: Dagger            |   117 |   121 ||   238
 Cast: Magic Dart        |    15 |     5 ||    20
       Searing Ray       |     6 |     6 ||    12
  Use: Potion            |     4 |     4 ||     8
       Scroll            |       |    11 ||    11
 Stab: Sleeping          |     3 |     9 ||    12
